 Dungeon Sprint DCSS version 0.29.1-2-gbd0b4ee654 (webtiles) character file.

Game seed: 12234975459500948175

80 Groucho the Covert (level 4, -11/21 HPs)
             Began as a Spriggan Enchanter on Nov 13, 2022.
             Was an Initiate of Vehumet.
             Killed from afar by a gargoyle (22 damage)
             ... with a stone arrow
             ... in the Dungeon (Sprint IX: "|||||||||||||||||||||||||||||").
             The game lasted 00:03:23 (531 turns).

Groucho the Covert (Spriggan Enchanter)              Turns: 531, Time: 00:03:24

Health: -11/21     AC:  2    Str: 10    XL:     4   Next: 18%
Magic:  12/21      EV: 19    Int: 16    God:    Vehumet [......]
Gold:   0          SH:  0    Dex: 13    Spells: 6/14 levels left

rFire   . . .      SeeInvis +   k - +2 rapier of Imbalance {holy, rC+ MP+9 Str+4 Dex-5}
rCold   + . .      Faith    .   (no shield)
rNeg    . . .      Spirit   .   b - +0 robe
rPois   .          Reflect  .   (helmet restricted)
rElec   .          Harm     .   (no cloak)
rCorr   .          Rampage  .   (gloves unavailable)
Will    .....      NoTele   +   (boots unavailable)
Stlth   ++++......              (no amulet)
HPRegen 0.07/turn               l - +3 ring of dexterity
MPRegen 0.17/turn               n - +2 ring of evasion

@: confusing by touch, invisible, very quick
A: very small, no large weapons, unfitting armour, see invisible, speed 3
a: Renounce Religion


You were in the Dungeon.
You worshipped Vehumet.
Vehumet was noncommittal.
You visited 1 branch

Inventory:

Hand Weapons
 a - a +1 dagger
 k - the +2 rapier of Imbalance (weapon) {holy, rC+ MP+9 Str+4 Dex-5}
   (You found it in the Dungeon)

   It has been blessed by the Shining One to cause great damage to the undead
   and demons.
   Str:       It affects your strength (+4).
   Dex:       It affects your dexterity (-5).
   rC:        It protects you from cold.
   MP:        It affects your magic capacity (+9).
Armour
 b - a +0 robe (worn)
 m - a +0 cloak
Jewellery
 l - a +3 ring of dexterity (left hand)
 n - a +2 ring of evasion (right hand)
Wands
 j - a wand of quicksilver (10)
Scrolls
 h - 2 scrolls of amnesia
 i - 2 scrolls of blinking
Potions
 c - a potion of invisibility
 d - 5 potions of curing
 e - 3 potions of heal wounds
 f - a potion of haste
 g - 4 potions of magic


   Skills:
 + Level 0.0 Fighting
 + Level 1.1 Short Blades
 + Level 2.6 Dodging
 * Level 10.1 Stealth
 + Level 5.5 Spellcasting
 * Level 0.0 Conjurations
 * Level 6.1 Hexes


You had 6 spell levels left.
You knew the following spells:

 Your Spells              Type           Power      Damage    Failure   Level
a - Ensorcelled Hibernat  Hex/Ice        28%        N/A       6%          2
b - Confusing Touch       Hex            24%        N/A       3%          3
c - Dazzling Flash        Conj/Hex       28%        N/A       12%         3

Your spell library contained the following spells:

 Spells                   Type           Power      Damage    Failure   Level
 Tukima's Dance           Hex            24%        N/A       3%          3


Dungeon Overview and Level Annotations

Branches:
Dungeon (1/1)

Altars:
Cheibriados
Dithmenos
Elyvilon
Fedhas
Gozag
Hepliaklqana
Kikubaaqudgha
Makhleb
Nemelex Xobeh
Okawaru
Qazlal
Ru
Sif Muna
Trog
Uskayaw
Vehumet
Wu Jian
Xom
Yredelemnul
Zin
The Shining One
Jiyva
Lugonu


Innate Abilities, Weirdness & Mutations

You are very small and have problems with some larger weapons.
You are too small for most types of armour.
You have supernaturally acute eyesight. (SInv)
You cover ground extremely quickly. (Speed+++)


Message History

Unknown command.
You fade into invisibility!
The wraith hits you.
The kobold brigand shouts!
You hit the wraith but do no damage. The wraith misses you.
Unknown command.
Unknown command.
Unknown command.
Casting: Ensorcelled Hibernation (safe; 6% risk of failure)
Confirm with . or Enter, or press ? or * to list all spells.
The spell is quite dangerous to miscast (3% risk of failure)!
Continue anyway?
Your hands begin to glow red.
The wraith hits you! The wraith drains your vigour!
You feel yourself slow down.
You hit the wraith but do no damage. The wraith misses you.
The gargoyle hurls a stone arrow at the wraith.
The stone arrow hits the wraith!!
The wraith barely misses you.
Unknown command.
Unknown command.
You closely miss the wraith.
The wraith is severely damaged.
The gargoyle hurls a stone arrow at the wraith.
The stone arrow hits the wraith!!
The wraith is destroyed!
The orc wizard mumbles some strange words.
The orc wizard flickers and vanishes for a moment.
The gargoyle hurls a stone arrow at something.
The stone arrow misses you.
Unknown command.
Unknown command.
There is an open door to the Dungeon here.
You hit the gargoyle but do no damage.
The kobold brigand throws a poisoned dart.
The poisoned dart hits the gargoyle!
The gargoyle barely misses you.
You hit the gargoyle but do no damage.
You feel yourself speed up. The gargoyle completely misses you.
The gargoyle hurls a stone arrow at you.
The stone arrow hits you!!
Ouch! That really hurt!
You die... ▓▓▓▓▓▓▓▓▓▓▓▓▓▓▓▓▓▓▓▓▓▓▓▓ ______'..)..[[..@9KYoK.+ ▓▓▓▓▓▓▓▓▓▓▓▓▓▓▓▓▓▓▓▓▓▓▓▓

You could see a yak (wandering, unable to see you), a gargoyle (unable to see you), 2 kobold brigands and an orc wizard (invisible, unable to see you).

Vanquished Creatures
  A hound (D)
  An iguana (D)
  An adder (D)
  An ufetubus (D)
  A dart slug (D)
  An orc (D)
  A ball python (D)
  An endoplasm (D)
  A hobgoblin (D)
  A rat (D)
10 creatures vanquished.

Vanquished Creatures (others)
  A wraith (D)
1 creature vanquished.

Grand Total: 11 creatures vanquished

Notes
Turn   | Place    | Note
-------+----------+-------------------------------------------
     0 | D        | Groucho the Spriggan Enchanter began the quest for the Orb.
     0 | D        | Reached XP level 1. HP: 9/9 MP: 5/5
     6 | D        | Reached skill level 5 in Stealth
    13 | D        | Reached skill level 6 in Stealth
   302 | D        | Noticed an iguana
   302 | D        | Noticed a hound
   305 | D        | Reached skill level 7 in Stealth
   305 | D        | Reached XP level 2. HP: 13/13 MP: 8/8
   313 | D        | Learned a level 2 spell: Ensorcelled Hibernation
   316 | D        | Reached skill level 8 in Stealth
   316 | D        | Reached skill level 5 in Hexes
   316 | D        | Reached XP level 3. HP: 16/16 MP: 7/10
   320 | D        | Reached skill level 9 in Stealth
   320 | D        | Reached skill level 5 in Spellcasting
   325 | D        | Reached skill level 10 in Stealth
   325 | D        | Reached XP level 4. HP: 21/21 MP: 6/12
   331 | D        | Found a snail-covered altar of Cheibriados.
   331 | D        | Found a shadowy altar of Dithmenos.
   331 | D        | Found a white marble altar of Elyvilon.
   331 | D        | Found a blossoming altar of Fedhas.
   331 | D        | Found an opulent altar of Gozag.
   332 | D        | Found a hazy altar of Hepliaklqana.
   333 | D        | Found a viscous altar of Jiyva.
   334 | D        | Found an ancient bone altar of Kikubaaqudgha.
   335 | D        | Found a corrupted altar of Lugonu.
   336 | D        | Found a burning altar of Makhleb.
   337 | D        | Found a sparkling altar of Nemelex Xobeh.
   338 | D        | Found an iron altar of Okawaru.
   339 | D        | Found a stormy altar of Qazlal.
   340 | D        | Found a sacrificial altar of Ru.
   341 | D        | Found a shimmering blue altar of Sif Muna.
   342 | D        | Found a bloodstained altar of Trog.
   343 | D        | Found a hide-covered altar of Uskayaw.
   344 | D        | Found a radiant altar of Vehumet.
   345 | D        | Found an ornate altar of the Wu Jian Council.
   346 | D        | Found a shimmering altar of Xom.
   347 | D        | Found a basalt altar of Yredelemnul.
   348 | D        | Found a glowing silver altar of Zin.
   349 | D        | Found a glowing golden altar of the Shining One.
   484 | D        | Became a worshipper of Vehumet
   489 | D        | Learned a level 3 spell: Confusing Touch
   493 | D        | Learned a level 3 spell: Dazzling Flash
   508 | D        | Got the +2 rapier of Imbalance {holy, rC+ MP+9 Str+4 Dex-5}
   523 | D        | Noticed a wraith
   523 | D        | Noticed a gargoyle
   523 | D        | Noticed a kobold brigand
   523 | D        | Noticed a yak
   523 | D        | Noticed a kobold brigand
   528 | D        | Killed a wraith
   531 | D        | Killed from afar by a gargoyle

Illustrated notes

Levels and vault maps discovered:
D:        linesprint [early_d, line_temple, items_1, d_10, items_2, lair_1,
          lair_end, items_3, orc_1, orc_end, items_4, d_15, swamp_1, shoals_1,
          snake_1, spider_1, d_20, vaults_1, items_5, swamp_end, shoals_end,
          snake_end, spider_end, vaults_end, d_27, items_6, zot_1, zot_end,
          crypt_end, forest_end, elf_end, slime_end, tomb_end, abyss_end,
          pan_hell_end]

Skill      XL: |  1  2  3 |
---------------+----------+-----
Stealth        | 7 8 10 | 10.1
Spellcasting   | 4 5 |  5.5
Hexes          | 4 5 6 |  6.1
Short Blades   | |  1.1
Dodging        | |  2.6

Action                   |  1- 3 |  4- 6 || total
-------------------------+-------+-------++-------
Melee: Dagger            |    20 |       ||    20
       Rapier            |       |     5 ||     5
 Cast: Ensorcelled Hiber |     2 |       ||     2
       Confusing Touch   |       |     1 ||     1
  Use: Potion            |     2 |     1 ||     3
 Stab: Sleeping          |     4 |       ||     4
       Invisible         |     2 |       ||     2
Dodge: Dodged            |    12 |     6 ||    18
